 Dungeon Crawl Stone Soup version 0.25-a0-294-gea9b1ad378 (webtiles) character file.

Game seed: 11488760770361380545, levelgen mode: classic

32 Borgoz the Chopper (level 3, -5/33 HPs)
             Began as a Hill Orc Berserker on Dec 16, 2019.
             Was a Follower of Trog.
             Killed by nerve-wracking pain
             ... invoked by a shadow imp
             ... summoned by Natasha
              (13 damage)
             ... on level 2 of the Dungeon.
             The game lasted 00:01:31 (1470 turns).

Borgoz the Chopper (Hill Orc Berserker)             Turns: 1470, Time: 00:01:31

Health: -5/33      AC:  6    Str: 20    XL:     3   Next: 27%
Magic:  3/3        EV: 11    Int:  7    God:    Trog [*.....]
Gold:   21         SH:  0    Dex: 10    Spells: 2/2 levels left

rFire    . . .     SeeInvis .   a - +0 hand axe
rCold    . . .     Gourm    .   (no shield)
rNeg     . . .     Faith    .   i - +0 ring mail
rPois    .         Spirit   .   f - +0 helmet
rElec    .         Reflect  .   (no cloak)
rCorr    .         Harm     .   (no gloves)
MR       .....                  (no boots)
Stlth    ..........             (no amulet)
HPRegen  0.11/turn              (no ring)
MPRegen  0.08/turn              (no ring)

@: no status effects
A: no striking features
a: Berserk, Renounce Religion


You were on level 2 of the Dungeon.
You worshipped Trog.
Trog was aware of your devotion.
You were not hungry.

You visited 1 branch of the dungeon, and saw 2 of its levels.

You collected 21 gold pieces.

Inventory:

Hand Weapons
 a - a +0 hand axe (weapon)
Armour
 f - a +0 helmet (worn)
 i - a +0 ring mail (worn)
Scrolls
 d - a scroll of fog {unknown}
 e - a scroll of enchant weapon {unknown}
 g - a scroll of teleportation {unknown}
 h - a scroll of identify {unknown}
 k - a scroll of remove curse {unknown}
Potions
 b - a potion of haste {unknown}
 j - a potion of curing {unknown}
 l - a potion of might
Comestibles
 c - 3 rations


   Skills:
 * Level 4.2 Fighting
 * Level 4.4 Axes
 * Level 2.8 Armour
 + Level 1.8 Dodging


You had 2 spell levels left.
You didn't know any spells.
Your spell library was empty.

Dungeon Overview and Level Annotations

Branches:
Dungeon (2/15)

Altars:
The Shining One

Annotations:
D:2 1 runed translucent door, Crazy Yiuf, Natasha


Message History

You hit Natasha.
Natasha is severely wounded.
You hit the shadow imp. You closely miss the shadow imp.
Natasha barely misses you. The shadow imp hits you.
The shadow imp closely misses you.
You hit Natasha.
Natasha is almost dead.
You hit the shadow imp but do no damage.
You hit the shadow imp. Natasha casts a spell at you. The magic dart hits you.
* * * LOW HITPOINT WARNING * * *
The shadow imp hits you but does no damage. x2
You barely miss Natasha.
Natasha is almost dead.
Your ring mail prevents you from hitting the shadow imp.
You closely miss the shadow imp. Natasha claws you but does no damage.
The shadow imp gestures at you. Pain shoots through your body!
You die...

##### #.... #########
#...h#########.......#
+...5@5...............
#....###.#####.#####.#
#.... #..## #.##....#
#.... #...###.##.###.
#...# #....####....).
#... ##..## #.#.##.
#... ♣....♣ #...##[
#### ♣♣...♣ ######.
♣♣.♣♣ #.


You could see Natasha and 2 shadow imps.

Vanquished Creatures
  3 dart slugs (D:1)
  A leopard gecko (D:2)
  A ball python (D:1)
  A giant cockroach (D:1)
  A goblin (D:2)
  3 hobgoblins
  4 bats
  7 kobolds
  6 rats
27 creatures vanquished.

Notes
Turn   | Place    | Note
-------+----------+-------------------------------------------
     0 | D:1      | Borgoz the Hill Orc Berserker began the quest for the Orb.
     0 | D:1      | Reached XP level 1. HP: 19/19 MP: 1/1
   302 | D:1      | Reached XP level 2. HP: 26/27 MP: 2/2
  1189 | D:2      | Reached XP level 3. HP: 29/33 MP: 3/3
  1221 | D:2      | Found a glowing golden altar of the Shining One.
  1442 | D:2      | Found a runed translucent door.
  1443 | D:2      | Noticed Crazy Yiuf
  1459 | D:2      | Noticed Natasha
  1470 | D:2      | Killed from afar by a shadow imp

Levels and vault maps discovered:
D:1:      wheals_arrival_linesprint, layout_basic
D:2:      layout_basic, overflow_temple_1_default, uniq_crazy_yiuf_cottage,
          uniq_natasha

Skill      XL: |  1  2 |
---------------+-------+-----
Fighting       | 4 |  4.2
Axes           | |  4.4
Armour         | |  2.8
Dodging        | |  1.8

Action                   || total
-------------------------++-------
Melee: Hand axe          ||    93
  Use: Potion            ||     1
  Eat: Chunk             ||     2
Armor: Animal skin       ||     5
       Ring mail         ||    26
Dodge: Dodged            ||    64

Table legend:
 A = Non-vault XP
 B = Vault XP
 C = Vault XP percentage of total XP
 D = Non-vault monster count
 E = Vault monster count
 F = Vault count percentage of total count
                 A         B        C        D         E       F
            +---------+---------+-------+---------+---------+-------
      Total |      47 |       0 |   0.0 |      27 |       0 |   0.0
            +---------+---------+-------+---------+---------+-------
        D:1 |      31 |       0 |   0.0 |      17 |       0 |   0.0
        D:2 |      16 |       0 |   0.0 |      10 |       0 |   0.0
            +---------+---------+-------+---------+---------+-------
